TOP OF THE 1ST |
Rochester Red Wings batting - Pitching for Columbus Jets : RHP Moose Haas
|
Pitching: RHP Moose Haas
|
|
Batting: RHB Marty G Barrett
|
0-0: Called Strike 0-1: Ball 1-1: Ball 2-1: SOLO HOME RUN (Flyball, 7D, EV 104.4 MPH), Distance : 363 ft
|
Batting: LHB Ed Amelung
|
0-0: Ball 1-0: SINGLE (Line Drive, 6D, EV 95.6 MPH)
|
Batting: SHB Jordan Ayala
|
0-0: Ball 1-0: Ball 2-0: Foul Ball, location: 2F 2-1: Ball 3-1: Called Strike 3-2: SINGLE (Line Drive, 34D, EV 96.3 MPH) Ed Amelung to second Runner from 2nd tries for 3rd, OUT! 9-5
|
Batting: RHB Gerry Davis
|
0-0: Ball 1-0: Swinging Strike 1-1: Ball 2-1: Foul Ball, location: 2F 2-2: Grounds into double play, 6-4-3 (Groundball, 56, EV 89.4 MPH)
|
Top of the 1st over - 1 run, 3 hits, 0 errors, 0 left on base; Rochester 1 - Columbus 0 |
BOTTOM OF THE 1ST |
Columbus Jets batting - Pitching for Rochester Red Wings : RHP Dave J Schmidt
|
Pitching: RHP Dave J Schmidt
|
|
Batting: LHB Craig Brooks
|
0-0: Called Strike 0-1: Called Strike 0-2: Ball 1-2: Ball 2-2: Foul Ball, location: 2F 2-2: Foul Ball, location: 2F 2-2: Foul Ball, location: 2F 2-2: Strikes out swinging
|
Batting: RHB Greg Schultz
|
0-0: Foul Ball, location: 2F 0-1: Ground out 6-3 (Groundball, 6, EV 96.9 MPH)
|
Batting: RHB Danny Tartabull
|
0-0: Fly out, F8 (Flyball, 8LD, EV 100.6 MPH)
|
Bottom of the 1st over - 0 runs, 0 hits, 0 errors, 0 left on base; Rochester 1 - Columbus 0 |
TOP OF THE 2ND |
Rochester Red Wings batting - Pitching for Columbus Jets : RHP Moose Haas
|
Batting: RHB Pat Casey
|
0-0: Called Strike 0-1: Foul Ball, location: 2F 0-2: Ball 1-2: Ball 2-2: Foul Ball, location: 2F 2-2: Foul Ball, location: 2F 2-2: Foul Ball, location: 2F 2-2: SINGLE (Line Drive, 4D, EV 102.5 MPH)
|
Batting: RHB Chris Johnston
|
0-0: Foul Ball, location: 2F 0-1: Ball 1-1: Swinging Strike 1-2: Foul Ball, location: 2F 1-2: Strikes out swinging
|
Batting: LHB Dave Falcone
|
0-0: Ball 1-0: Called Strike 1-1: Ball 2-1: Ball 3-1: Foul Ball, location: 2F 3-2: Foul Ball, location: 2F 3-2: Fly out, F8 (Flyball, 8LS, EV 94.4 MPH)
|
Batting: RHB Tom Brookens
|
0-0: Ball 1-0: Fly out, F9 (Flyball, 9LD, EV 90.0 MPH)
|
Top of the 2nd over - 0 runs, 1 hit, 0 errors, 1 left on base; Rochester 1 - Columbus 0 |
BOTTOM OF THE 2ND |
Columbus Jets batting - Pitching for Rochester Red Wings : RHP Dave J Schmidt
|
Batting: LHB Larry Sheets
|
0-0: Called Strike 0-1: Ball 1-1: SOLO HOME RUN (Flyball, 9D, EV 104.4 MPH), Distance : 369 ft
|
Batting: RHB Jim Maler
|
0-0: Foul Ball, location: 2F 0-1: Foul Ball, location: 2F 0-2: Ball 1-2: Ball 2-2: Strikes out swinging, 2-3 out at first.
|
Batting: RHB Michael Ventress
|
0-0: Ground out 3-1 (Groundball, 34S, EV 81.9 MPH)
|
Batting: RHB Glenn Goya
|
0-0: Ball 1-0: Fly out, F8 (Flyball, 8RD, EV 101.9 MPH)
|
Bottom of the 2nd over - 1 run, 1 hit, 0 errors, 0 left on base; Rochester 1 - Columbus 1 |
TOP OF THE 3RD |
Rochester Red Wings batting - Pitching for Columbus Jets : RHP Moose Haas
|
Batting: RHB Johnnie LeMaster
|
0-0: Ball 1-0: Ground out U3 (Groundball, 34, EV 104.4 MPH)
|
Batting: RHB Marty G Barrett
|
0-0: Foul Ball, location: 2F 0-1: Ball 1-1: Ball 2-1: Foul Ball, location: 2F 2-2: Ball 3-2: Ground out 6-3 (Groundball, 6, EV 107.5 MPH)
|
Batting: LHB Ed Amelung
|
0-0: Called Strike 0-1: Ball 1-1: Swinging Strike 1-2: SINGLE (Flyball, 8RS, EV 89.4 MPH)
|
Batting: SHB Jordan Ayala
|
0-0: Ball 1-0: Ball 2-0: Ball 3-0: Called Strike 3-1: SINGLE (Line Drive, 6D, EV 95.0 MPH) Ed Amelung to second
|
Batting: RHB Gerry Davis
|
0-0: Foul Ball, location: 2F 0-1: SINGLE (Line Drive, 3D, EV 99.4 MPH) Ed Amelung to third Jordan Ayala to second Runner from 3rd tries for Home, SAFE, throw by RF to home
|
Batting: RHB Pat Casey
|
0-0: Foul Ball, location: 2F 0-1: Ball 1-1: Ball 2-1: Ball 3-1: Fly out, F6 (Line Drive, 6, EV 69.4 MPH)
|
Top of the 3rd over - 1 run, 3 hits, 0 errors, 2 left on base; Rochester 2 - Columbus 1 |
BOTTOM OF THE 3RD |
Columbus Jets batting - Pitching for Rochester Red Wings : RHP Dave J Schmidt
|
Batting: RHB Ray Smith
|
0-0: Ball 1-0: Fly out, F4 (Line Drive, 4, EV 60.6 MPH)
|
Batting: RHB Jackie Gutierrez
|
0-0: Ground out 5-3 (Groundball, 5, EV 90.0 MPH)
|
Batting: LHB Craig Brooks
|
0-0: Ground out 4-3 (Groundball, 4M, EV 85.6 MPH)
|
Bottom of the 3rd over - 0 runs, 0 hits, 0 errors, 0 left on base; Rochester 2 - Columbus 1 |
TOP OF THE 4TH |
Rochester Red Wings batting - Pitching for Columbus Jets : RHP Moose Haas
|
Batting: RHB Chris Johnston
|
0-0: Called Strike 0-1: Ball 1-1: Ball 2-1: SINGLE (Line Drive, 34D, EV 98.1 MPH)
|
Batting: LHB Dave Falcone
|
0-0: Ball 1-0: Foul Ball, location: 2F 1-1: Called Strike 1-2: Fielders Choice at 2nd, 2-6 (Groundball, 2R, EV 66.3 MPH)
|
Batting: RHB Tom Brookens
|
0-0: Ball 1-0: Foul Ball, location: 2F 1-1: SINGLE (Groundball, 25, EV 72.5 MPH) (infield hit) Dave Falcone to second
|
Batting: RHB Johnnie LeMaster
|
0-0: Called Strike 0-1: Ball 1-1: Swinging Strike 1-2: Fielders Choice at 2nd, 4-6 (Groundball, 4, EV 88.8 MPH) Dave Falcone to third
|
Batting: RHB Marty G Barrett
|
0-0: Ball 1-0: SINGLE (Flyball, 5D, EV 89.4 MPH) Dave Falcone scores Johnnie LeMaster to second
|
Batting: LHB Ed Amelung
|
0-0: Fielders Choice at 2nd, U6 (Groundball, 6M, EV 83.8 MPH)
|
Top of the 4th over - 1 run, 3 hits, 0 errors, 2 left on base; Rochester 3 - Columbus 1 |
BOTTOM OF THE 4TH |
Columbus Jets batting - Pitching for Rochester Red Wings : RHP Dave J Schmidt
|
Batting: RHB Greg Schultz
|
0-0: Reached on error, E5 (Groundball, 5, EV 111.3 MPH)
|
Batting: RHB Danny Tartabull
|
0-0: Foul Ball, location: 2F 0-1: Ball 1-1: Foul Ball, location: 2F 1-2: Foul Ball, location: 2F 1-2: Ball 2-2: Ground out 6-3 (Groundball, 6M, EV 85.6 MPH) Greg Schultz to third
|
Batting: LHB Larry Sheets
|
0-0: Ball 1-0: Called Strike 1-1: Ground out 4-3 (Groundball, 4, EV 81.3 MPH)
|
Batting: RHB Jim Maler
|
0-0: Called Strike 0-1: Ball Passed Ball! Greg Schultz scores 1-1: SINGLE (Line Drive, 56D, EV 98.1 MPH)
|
Batting: RHB Michael Ventress
|
0-0: Ball 1-0: Called Strike 1-1: Ball 2-1: Foul Ball, location: 2F 2-2: Ball 3-2: Fly out, F4 (Popup, 3, EV 63.8 MPH)
|
Bottom of the 4th over - 1 run, 1 hit, 1 error, 1 left on base; Rochester 3 - Columbus 2 |
TOP OF THE 5TH |
Rochester Red Wings batting - Pitching for Columbus Jets : RHP Moose Haas
|
Batting: SHB Jordan Ayala
|
0-0: Ball 1-0: Ground out 5-3 (Groundball, 5, EV 111.3 MPH)
|
Batting: RHB Gerry Davis
|
0-0: Ball 1-0: Called Strike 1-1: Ball 2-1: Swinging Strike 2-2: Foul Ball, location: 2F 2-2: Ball 3-2: Fly out, F4 (Popup, 4, EV 61.9 MPH)
|
Batting: RHB Pat Casey
|
0-0: Called Strike 0-1: Ball 1-1: Foul Ball, location: 2F 1-2: Foul Ball, location: 2F 1-2: Ball 2-2: Ball 3-2: Fly out, F6 (Popup, P, EV 75.6 MPH)
|
Top of the 5th over - 0 runs, 0 hits, 0 errors, 0 left on base; Rochester 3 - Columbus 2 |
BOTTOM OF THE 5TH |
Columbus Jets batting - Pitching for Rochester Red Wings : RHP Dave J Schmidt
|
Batting: RHB Glenn Goya
|
0-0: Swinging Strike 0-1: Ball 1-1: Ground out 4-3 (Groundball, 4, EV 93.8 MPH)
|
Batting: RHB Ray Smith
|
0-0: Called Strike 0-1: Ground out 6-3 (Groundball, 6, EV 79.4 MPH)
|
Batting: RHB Jackie Gutierrez
|
0-0: Ground out 6-3 (Groundball, 6, EV 84.4 MPH)
|
Bottom of the 5th over - 0 runs, 0 hits, 0 errors, 0 left on base; Rochester 3 - Columbus 2 |
TOP OF THE 6TH |
Rochester Red Wings batting - Pitching for Columbus Jets : RHP Moose Haas
|
Batting: RHB Chris Johnston
|
0-0: Ball 1-0: Called Strike 1-1: Foul Ball, location: 2F 1-2: Strikes out swinging
|
Pitching: RHP Martin Ronnenbergh
|
|
Batting: LHB Dave Falcone
|
0-0: Foul Ball, location: 2F 0-1: Called Strike 0-2: Fly out, F9 (Flyball, 9S, EV 86.9 MPH)
|
Batting: RHB Tom Brookens
|
0-0: Ball 1-0: Ball 2-0: Called Strike 2-1: Foul Ball, location: 2F 2-2: Foul Ball, location: 2F 2-2: Fly out, F8 (Flyball, 8RD, EV 108.1 MPH)
|
Top of the 6th over - 0 runs, 0 hits, 0 errors, 0 left on base; Rochester 3 - Columbus 2 |
BOTTOM OF THE 6TH |
Columbus Jets batting - Pitching for Rochester Red Wings : RHP Dave J Schmidt
|
Batting: LHB Craig Brooks
|
0-0: Ball 1-0: Bunt missed! 1-1: Fly out, F9 (Flyball, 89XD, EV 104.4 MPH)
|
Batting: RHB Greg Schultz
|
0-0: Ball 1-0: Called Strike 1-1: Foul Ball, location: 2F 1-2: Strikes out swinging
|
Batting: RHB Danny Tartabull
|
0-0: Ball 1-0: Ground out 5-3 (Groundball, 56S, EV 82.5 MPH)
|
Bottom of the 6th over - 0 runs, 0 hits, 0 errors, 0 left on base; Rochester 3 - Columbus 2 |
TOP OF THE 7TH |
Rochester Red Wings batting - Pitching for Columbus Jets : RHP Martin Ronnenbergh
|
Batting: RHB Johnnie LeMaster
|
0-0: Ball 1-0: Ground out 2-3 (Groundball, 15S, EV 66.3 MPH)
|
Batting: RHB Marty G Barrett
|
0-0: Foul Ball, location: 2F 0-1: Called Strike 0-2: Ball 1-2: Foul Ball, location: 2F 1-2: Foul Ball, location: 2F 1-2: Ball 2-2: DOUBLE (Line Drive, 8LXD, EV 106.9 MPH)
|
Batting: LHB Ed Amelung
|
0-0: Called Strike Marty G Barrett steals 3rd base 0-1: Ground out 4-3 (Groundball, 4, EV 87.5 MPH)
|
Batting: SHB Jordan Ayala
|
0-0: Intentional Walk
|
Batting: RHB Gerry Davis
|
0-0: Ball 1-0: Foul Ball, location: 2F 1-1: Ball 2-1: Called Strike 2-2: Foul Ball, location: 2F 2-2: Ball 3-2: Base on Balls Jordan Ayala to second
|
Batting: RHB Pat Casey
|
0-0: Called Strike 0-1: Ball 1-1: Single, Error in OF, E9, batter to second base (Line Drive, 89S, EV 109.4 MPH) Marty G Barrett scores Jordan Ayala scores Gerry Davis to third
|
Batting: RHB Chris Johnston
|
0-0: Foul Ball, location: 2F 0-1: Ball 1-1: Ground out 6-3 (Groundball, P, EV 85.6 MPH)
|
Top of the 7th over - 2 runs, 2 hits, 1 error, 2 left on base; Rochester 5 - Columbus 2 |
BOTTOM OF THE 7TH |
Columbus Jets batting - Pitching for Rochester Red Wings : RHP Dave J Schmidt
|
Batting: LHB Larry Sheets
|
0-0: Ball 1-0: Ball 2-0: Called Strike 2-1: Swinging Strike 2-2: Ground out U3 (Groundball, 3, EV 86.9 MPH)
|
Batting: RHB Jim Maler
|
0-0: Called Strike 0-1: Foul Ball, location: 2F 0-2: Ground out 6-3 (Groundball, 6, EV 88.8 MPH)
|
Batting: RHB Michael Ventress
|
0-0: Ground out 6-3 (Groundball, 6M, EV 90.0 MPH)
|
Bottom of the 7th over - 0 runs, 0 hits, 0 errors, 0 left on base; Rochester 5 - Columbus 2 |
TOP OF THE 8TH |
Rochester Red Wings batting - Pitching for Columbus Jets : RHP Martin Ronnenbergh
|
Batting: LHB Dave Falcone
|
0-0: Ball 1-0: Ball 2-0: Swinging Strike 2-1: Fly out, F7 (Flyball, 7S, EV 71.9 MPH)
|
Batting: RHB Tom Brookens
|
0-0: Ball 1-0: Ball 2-0: Foul Ball, location: 2F 2-1: Ground out 5-3 (Groundball, 56, EV 76.9 MPH)
|
Batting: RHB Johnnie LeMaster
|
0-0: Swinging Strike 0-1: Ball 1-1: Ball 2-1: Ground out 4-3 (Groundball, 4, EV 85.0 MPH)
|
Top of the 8th over - 0 runs, 0 hits, 0 errors, 0 left on base; Rochester 5 - Columbus 2 |
BOTTOM OF THE 8TH |
Columbus Jets batting - Pitching for Rochester Red Wings : RHP Dave J Schmidt
|
Batting: RHB Glenn Goya
|
0-0: Called Strike 0-1: Called Strike 0-2: Fly out, F6 (Popup, 15, EV 83.8 MPH)
|
Batting: RHB Ray Smith
|
0-0: Bunt - Flyout to 13! F1
|
Batting: RHB Jackie Gutierrez
|
0-0: Called Strike 0-1: Foul Ball, location: 2F 0-2: Ball 1-2: Strikes out swinging
|
Bottom of the 8th over - 0 runs, 0 hits, 0 errors, 0 left on base; Rochester 5 - Columbus 2 |
TOP OF THE 9TH |
Rochester Red Wings batting - Pitching for Columbus Jets : RHP Martin Ronnenbergh
|
Batting: RHB Marty G Barrett
|
0-0: Called Strike 0-1: Ball 1-1: Ground out 4-3 (Groundball, 4, EV 89.4 MPH)
|
Batting: LHB Ed Amelung
|
0-0: Called Strike 0-1: SINGLE (Line Drive, 78S, EV 101.3 MPH)
|
Batting: SHB Jordan Ayala
|
0-0: Ball 1-0: Foul Ball, location: 2F 1-1: Ball 2-1: Ball 3-1: Base on Balls Ed Amelung to second
|
Batting: RHB Gerry Davis
|
0-0: Called Strike 0-1: Called Strike 0-2: Fly out, F9 (Flyball, 9LM, EV 98.8 MPH) Runner from 2nd tags up, SAFE at 3rd, no throw by RF
|
Batting: RHB Pat Casey
|
0-0: Ball 1-0: Ball 2-0: SINGLE (Line Drive, 5D, EV 96.9 MPH) Ed Amelung scores Jordan Ayala to second Runner from 2nd tries for 3rd, SAFE, throw by LF made to third
|
Pitching: RHP Owen Foley
|
|
Batting: RHB Chris Johnston
|
0-0: Ball 1-0: Foul Ball, location: 2F 1-1: Ball 2-1: Ball 3-1: Base on Balls Pat Casey to second
|
Batting: LHB Dave Falcone
|
0-0: Ground out U3 (Groundball, 3, EV 110.0 MPH)
|
Top of the 9th over - 1 run, 2 hits, 0 errors, 3 left on base; Rochester 6 - Columbus 2 |
BOTTOM OF THE 9TH |
Columbus Jets batting - Pitching for Rochester Red Wings : RHP Dave J Schmidt
|
Batting: LHB Craig Brooks
|
0-0: Ball 1-0: Foul Ball, location: 2F 1-1: Swinging Strike 1-2: SINGLE (Groundball, 6S, EV 75.0 MPH) (infield hit)
|
Batting: RHB Greg Schultz
|
0-0: Ball 1-0: Called Strike 1-1: Ball 2-1: Fly out, F8 (Flyball, 8LXD, EV 100.6 MPH)
|
Batting: RHB Danny Tartabull
|
0-0: Ball 1-0: Foul Ball, location: 2F 1-1: Ball 2-1: Foul Ball, location: 2F 2-2: 2-RUN HOME RUN (Flyball, 7LD, EV 101.9 MPH), Distance : 346 ft
|
Batting: LHB Larry Sheets
|
0-0: Ground out 1-3 (Groundball, 13S, EV 70.6 MPH)
|
Batting: RHB Jim Maler
|
0-0: Ground out U3 (Groundball, 34, EV 98.1 MPH)
|
Bottom of the 9th over - 2 runs, 2 hits, 0 errors, 0 left on base; Rochester 6 - Columbus 4 |
|